 Dungeon Crawl Stone Soup version 0.29.1-1-gd02db6906a (webtiles) character file.

Game seed: 9247929547840611691

51 Danto the Trooper (level 3, -2/31 HPs)
             Began as a Palentonga Fighter on Oct 4, 2022.
             Was a Follower of Fedhas.
             Slain by a gnoll bouda
             ... wielding a +0 whip
              (5 damage)
             ... on level 2 of the Dungeon.
             The game lasted 00:06:55 (1783 turns).

Danto the Trooper (Palentonga Fighter)              Turns: 1783, Time: 00:06:56

Health: -2/31      AC:  6    Str: 23    XL:     3   Next: 57%
Magic:  3/3        EV:  7    Int:  8    God:    Fedhas [*.....]
Gold:   132        SH:  5    Dex: 15    Spells: 2/2 levels left

rFire   . . .      SeeInvis +   a - +0 war axe
rCold   . . .      Faith    .   c - +0 buckler
rNeg    . . .      Spirit   .   b - +0 scale mail
rPois   .          Reflect  .   (no helmet)
rElec   .          Harm     .   (no cloak)
rCorr   .          Rampage  .   (no gloves)
Will    .....                   (no barding)
Stlth   ..........              (no amulet)
HPRegen 0.10/turn               e - +6 ring of dexterity
MPRegen 0.08/turn               (no ring)

@: weakened
A: large, rugged brown scales 3, see invisible, deformed body, roll 1, armoured
tail
a: Rolling Charge, Renounce Religion


You were on level 2 of the Dungeon.
You worshipped Fedhas.
Fedhas was aware of your devotion.
You visited 1 branch of the dungeon, and saw 2 of its levels.

You collected 132 gold pieces.

Inventory:

Hand Weapons
 a - a +0 war axe (weapon)
Missiles
 h - 6 poisoned darts
 i - 28 stones (quivered)
Armour
 b - a +0 scale mail (worn)
 c - a +0 buckler (worn)
Jewellery
 e - a +6 ring of dexterity (left hand)
Scrolls
 f - 2 scrolls of teleportation
Potions
 d - a potion of might
 g - a potion of heal wounds {unknown}
 j - a potion of ambrosia {unknown}
 k - a potion of attraction {unknown}


   Skills:
 - Level 3.2 Fighting
 * Level 3.0 Axes
 - Level 2.6 Armour
 + Level 3.2 Shields


You had 2 spell levels left.
You didn't know any spells.
Your spell library contained the following spells:

 Spells                   Type           Power      Damage    Failure   Level
 Magic Dart               Conj           0%         1d3       80%         1
 Call Imp                 Summ           0%         N/A       90%         2
 Mephitic Cloud           Conj/Pois/Air  0%         N/A       99%         3


Dungeon Overview and Level Annotations

Branches:
Dungeon (2/15)

Altars:
Fedhas

Shops:
D:2 [


Innate Abilities, Weirdness & Mutations

You are completely covered in rugged brown scales. (AC +3, +7% HP)
You have supernaturally acute eyesight. (SInv)
Armour fits poorly on your strangely shaped body.
You can roll at nearby foes to attack.
You have a long armoured tail.


Message History

You see here a +0 chain mail.
l - a +0 chain mail You drop a +0 chain mail.
A gnoll bouda and 2 gnolls come into view.
Found a black potion.
Roll where?
Press: ? - help, Dir - move target, f - gnoll
Aim: a gnoll, wielding a +4 spear You roll forward with a clatter of scales!
A gnoll comes into view. It is wielding a +0 spear.
The gnoll shouts!
You hit the gnoll.
The gnoll is lightly wounded.
The gnoll hits you with a +4 spear.
A gnoll comes into view. It is wielding a +0 flail.
The gnoll shouts!
You slash the gnoll!
The gnoll is almost dead.
The gnoll hits you with a +4 spear. x2
The gnoll hits you from afar with a +4 spear.
The gnoll bouda calls upon its god to heal the gnoll.
The gnoll is healed somewhat.
You see here a +0 chain mail.
The gnoll hits you with a +4 spear.
You hit the gnoll but do no damage.
The gnoll is heavily wounded.
The gnoll barely misses you.
The gnoll bouda barks out a call to the hunt!
The gnoll picks up the pace!
You hit the gnoll. You tail-slap the gnoll.
The gnoll is almost dead.
The gnoll hits you with a +4 spear!
* * * LOW HITPOINT WARNING * * *
The gnoll bouda gazes fiercely through you!
You feel your attacks grow feeble.
You barely miss the gnoll bouda. You block the gnoll bouda's attack.
You hit the gnoll bouda but do no damage.
The gnoll bouda hits you with a +0 whip.
You die...
Fedhas appreciates your contribution to the ecosystem.

#.##..........# ####
#.##∩.∩.......# ...#
#.##..........#
)..########.##..........#
...'..)........+g.......#
...####.....####gg..g.g.#
...## #.....# #g######.#
##..###.....# #g# #.#
###..##.....# #@# #!#
.....##.....# #.# #g#
......#.....####.# #g#
...)...........#.# #g#
....##.####.##+#+# #g#
....##.## #.# #.#
....##..# #.#....... ...
#######.###.#.......
#..##.#.......


You could see a gnoll bouda and 4 gnolls.

Vanquished Creatures
  Terence (D:2)
  An adder (D:2)
  A dart slug (D:2)
  3 ball pythons (D:1)
  An endoplasm (D:1)
  A goblin (D:2)
  A hobgoblin (D:2)
  2 kobolds
  2 quokkas (D:1)
  A rat (D:1)
14 creatures vanquished.

Notes
Turn   | Place    | Note
-------+----------+-------------------------------------------
     0 | D:1      | Danto the Palentonga Fighter began the quest for the Orb.
     0 | D:1      | Reached XP level 1. HP: 19/19 MP: 1/1
   252 | D:1      | Found a faded altar of an unknown god.
   279 | D:1      | Prayed at the altar of an unknown god.
   279 | D:1      | Became a worshipper of Fedhas Madash
   279 | D:1      | Reached * piety under Fedhas
   910 | D:1      | Reached XP level 2. HP: 25/25 MP: 2/2
  1501 | D:2      | Noticed Terence
  1523 | D:2      | Killed Terence
  1524 | D:2      | Reached XP level 3. HP: 20/31 MP: 3/3
  1740 | D:2      | Found Ovam's Antique Armour Emporium.
  1783 | D:2      | Slain by a gnoll bouda

Illustrated notes

Levels and vault maps discovered:
D:1:      dpeg_arrival_court, layout_loops_corners,
          shapermc_ecumenical_altar_starsandcircs
D:2:      layout_basic, serial_shops, nicolae_shop_competitors_out_of_business,
          minmay_shallow_snake_nest, uniq_terence, uniq_natasha

Skill      XL: |  1  2 |
---------------+-------+-----
Shields        | 3 |  3.2
Axes           | 3 |  3.0
Fighting       | |  3.2
Armour         | |  2.6

Action                   || total
-------------------------++-------
Melee: War axe           ||    60
       Tailslap          ||     5
 Abil: Rolling Charge    ||     1
  Use: Scroll            ||     3
Armor: Scale mail        ||    27
Dodge: Dodged            ||    22
Block: Buckler           ||    15
